AoeStats
← btaskin076

Black Forest

506431083Analyzed
3v3 RM · 18d ago on Sep 13, 2026· 54m 7s· 6 players
Game mode
Random Map
Map size
Normal (6 player)
Population
200
Speed
Normal
Resources
Standard
Victory
Conquest
Starting age
Dark Age
Ending age
Imperial Age
RankedLock teamsTeams togetherTeam positionsShared explorationLock speedFull tech treeHidden civsTurbo modeCheats
Victory
Defeat
🇫🇷 Khmer · France
630
+6
🇨🇭 Celts · Switzerland
611
+6
🇹🇷 Slavs · Türkiye
567
+9
🇨🇦 Spanish · Canada
534
-11
🇫🇷 Franks · France
297
-5
🇧🇷 Portuguese · Brazil
286
-5
diegoagmaia
0:54 Loom
1:18 Loom
28:34 Feudal Age
29:36 Town Watch
30:27 Wheelbarrow
37:04 Bloodlines
42:01 Castle Age
42:43 Town Patrol
Intrinsicmotivation
0:28 Loom
12:43 Feudal Age
13:36 Double-Bit Axe
14:42 Man-at-Arms
15:09 Arson
18:42 Horse Collar
24:49 Castle Age
23:04 Stone Mining
Pégase
2:07 Loom
14:02 Feudal Age
15:33 Wheelbarrow
17:23 Town Watch
18:01 Double-Bit Axe
18:12 Gold Mining
18:16 Stone Mining
24:11 Castle Age
25:09 Hand Cart
25:42 Gold Shaft Mining
25:25 Bow Saw
25:34 Caravan
28:17 Fervor
28:28 Sanctity
28:08 Devotion
28:04 Herbal Medicine
30:03 Murder Holes
30:29 Ballistics
30:20 Masonry
31:26 Fletching
35:19 Imperial Age
34:14 Bodkin Arrow
36:46 Conscription
36:34 Chivalry
35:59 Cavalier
37:43 Town Patrol
47:24 Arson
47:40 Squires
50:48 Elite Throwing Axeman
51:49 #83
52:07 Hoardings
Vachacorne
0:57 Loom
13:08 Feudal Age
14:11 Double-Bit Axe
14:10 Horse Collar
20:51 Castle Age
19:29 Scale Mail Armor
19:41 Forging
20:25 Gold Mining
20:25 Stone Mining
20:06 Man-at-Arms
21:13 Arson
21:32 Pikeman
21:59 Gambesons
21:37 Long Swordsman
25:33 Heavy Plow
30:21 Caravan
30:40 Chain Mail Armor
31:01 Iron Casting
34:37 Imperial Age
33:25 Bow Saw
34:30 Gold Shaft Mining
33:50 Stronghold
34:23 Fortified Wall
34:09 Murder Holes
36:45 Wheelbarrow
36:35 Ballistics
37:16 Chemistry
36:30 Furor Celtica
35:55 Halberdier
35:57 Two-Handed Swordsman
37:46 Onager
40:04 Conscription
39:07 Elite Woad Raider
40:51 Hand Cart
40:24 Town Watch
41:21 Siege Onager
41:37 Champion
44:25 Plate Mail Armor
44:56 Blast Furnace
44:42 Masonry
AlNeto
11:41 Feudal Age
13:15 Wheelbarrow
13:32 Fishing Lines
13:49 Double-Bit Axe
19:33 Castle Age
17:55 Gold Mining
19:05 Horse Collar
21:37 Hand Cart
24:13 Bow Saw
25:32 Bloodlines
25:24 Husbandry
26:24 Gillnets
27:29 Light Cavalry
32:07 Heavy Plow
35:23 Imperial Age
36:18 Forging
36:14 Scale Barding Armor
36:41 Hussar
36:46 Elite Ballista Elephant
38:41 Crop Rotation
38:36 Double Crossbow
41:04 Town Watch
41:05 Loom
41:58 Chain Barding Armor
42:14 Iron Casting
45:46 Chemistry
45:06 Ballistics
44:37 Heated Shot
49:57 Blast Furnace
49:34 Plate Barding Armor
btaskin076
17:21 Feudal Age
26:01 Double-Bit Axe
26:02 Horse Collar
31:09 Castle Age
29:43 Padded Archer Armor
31:22 Scale Mail Armor
31:36 Forging
31:32 Scale Barding Armor
31:35 Fletching
32:55 Crossbowman
35:05 Bow Saw
35:16 Pikeman
37:06 Heavy Plow
38:12 Squires
38:32 Chain Mail Armor
38:20 Detinets
38:23 Gold Mining
38:23 Stone Mining
39:08 Stone Mining
40:09 Wheelbarrow
39:20 Town Watch
39:21 Loom
40:50 Bodkin Arrow
41:11 Leather Archer Armor
42:33 Chain Barding Armor
43:08 Hand Cart
43:29 Caravan
44:49 Iron Casting
44:41 Fortified Wall
44:42 Masonry
45:08 Ballistics
49:40 Imperial Age
50:01 Halberdier
51:30 Conscription
50:43 Sappers
51:50 Hoardings
51:58 Gold Shaft Mining
52:11 Plate Mail Armor
52:32 Plate Barding Armor
52:28 Ring Archer Armor
52:59 Blast Furnace
52:10 Druzhina
53:03 Elite Boyar
Connection lost

Rejoining the realm…

Still unreachable

The connection could not be restored.

Session expired

The server has moved on; the page needs a fresh start.